General information
- name: BNet
- type: Ladder team game (AT/RT)
- host: Battle.net
- saver: Imbecile
map: MarketSquare
- players: 8
- length: 28:37
- speed: Fast
- version: 1.27 W3XP
- replay type: Public
» download(254 KB)
Players
team 1 (loser)
chernoba (
green | 88 APM | 2152 actions | 24:32)
6 Mountain King
3 Storm Bolt
3 Bash
4 Paladin
2 Holy Light
2 Devotion Aura
» actions
| Assign group hotkey | 41 | |
| Build / train | 76 | |
| ESC pressed | 1 | |
| Enter build submenu | 30 | |
| Enter hero's abilities submenu | 10 | |
| Right click | 899 | |
| Select / deselect | 234 | |
| Select group hotkey | 780 | |
| Use ability | 81 | |
2152 total
» units
| Peasant | 8 | |
| Footman | 10 | |
| Knight | 12 | |
| Gryphon Rider | 7 | |
| Rifleman | 2 | |
39 total
» upgrades
| Masonry | 1 | |
| Lumber Harvesting | 1 | |
| Animal War Training | 1 | |
| Plating | 1 | |
| Swords | 1 | |
5 total
» buildings
| Altar of Kings | 1 | |
| Farm | 18 | |
| Barracks | 1 | |
| Lumber Mill | 1 | |
| Scout Tower | 3 | |
| Keep | 3 | |
| Guard Tower | 3 | |
| Blacksmith | 1 | |
| Castle | 3 | |
| Gryphon Aviary | 1 | |
| Town Hall | 1 | |
36 total
» build order
00:21 Altar of Kings
00:25 Farm
00:41 Barracks
00:57 Farm
01:52 Farm
02:20 Lumber Mill
02:25 Farm
03:32 Scout Tower
03:34 Keep
03:34 Keep
03:34 Keep
04:01 Farm
04:02 Guard Tower
04:30 Farm
05:19 Scout Tower
05:25 Blacksmith
05:59 Farm
07:07 Farm
07:08 Guard Tower
07:09 Guard Tower
07:10 Castle
07:11 Castle
07:11 Castle
08:01 Scout Tower
08:06 Gryphon Aviary
09:33 Town Hall
09:39 Farm
11:19 Farm
12:15 Farm
13:42 Farm
14:31 Farm
16:22 Farm
17:10 Farm
19:50 Farm
20:59 Farm
21:41 Farm
» items
| Circlet of Nobility | 1 | |
| Scroll of Town Portal | 1 | |
| Boots of Speed | 1 | |
3 total

»
darksideofhemp (
blue | 71 APM | 1802 actions | 25:25)
5 Death Knight
3 Death Coil
2 Unholy Aura
2 Lich
1 Frost Armor
1 Frost Nova
» actions
| Assign group hotkey | 16 | |
| Basic commands | 229 | |
| Build / train | 60 | |
| Enter build submenu | 29 | |
| Enter hero's abilities submenu | 7 | |
| Remove unit from queue | 1 | |
| Right click | 989 | |
| Select / deselect | 349 | |
| Select group hotkey | 49 | |
| Use ability | 73 | |
1802 total
» units
| Acolyte | 8 | |
| Ghoul | 5 | |
| Crypt Fiend | 13 | |
| Frost Wyrm | 6 | |
32 total
» upgrades
| Web | 1 | |
| Creature Attack | 3 | |
| Ghoul Frenzy | 1 | |
| Freezing Breath | 1 | |
| Creature Carapace | 3 | |
| Burrow | 1 | |
10 total
» buildings
| Crypt | 2 | |
| Ziggurat | 9 | |
| Graveyard | 1 | |
| Nerubian Tower | 1 | |
| Altar of Darkness | 1 | |
| Halls of the Dead | 1 | |
| Tomb of Relics | 1 | |
| Black Citadel | 1 | |
| Necropolis | 3 | |
| Sacrificial Pit | 1 | |
| Boneyard | 2 | |
| Spirit Tower | 1 | |
24 total
» build order
00:10 Crypt
00:13 Ziggurat
01:07 Graveyard
01:11 Nerubian Tower
01:13 Altar of Darkness
01:50 Ziggurat
02:41 Halls of the Dead
03:11 Tomb of Relics
04:24 Ziggurat
05:55 Black Citadel
06:06 Necropolis
07:14 Sacrificial Pit
08:12 Ziggurat
08:16 Ziggurat
08:37 Boneyard
08:40 Boneyard
12:03 Ziggurat
12:04 Ziggurat
14:09 Spirit Tower
14:15 Necropolis
15:02 Crypt
15:09 Ziggurat
15:10 Ziggurat
23:22 Necropolis
» items
m[a]ster.xxDl (
teal | 167 APM | 4109 actions | 24:36)
5 Archmage
3 Summon Water Elemental
2 Brilliance Aura
3 Paladin
2 Holy Light
1 Devotion Aura
» actions
| Assign group hotkey | 66 | |
| Basic commands | 84 | |
| Build / train | 149 | |
| Enter build submenu | 46 | |
| Enter hero's abilities submenu | 8 | |
| Remove unit from queue | 7 | |
| Right click | 2694 | |
| Select / deselect | 537 | |
| Select group hotkey | 310 | |
| Use ability | 208 | |
4109 total
» units
| Peasant | 17 | |
| Footman | 17 | |
| Rifleman | 3 | |
| Knight | 7 | |
| Gryphon Rider | 5 | |
| Dragonhawk Rider | -1 | |
48 total
» upgrades
| Masonry | 3 | |
| Swords | 3 | |
| Animal War Training | 1 | |
| Long Rifles | 1 | |
| Lumber Harvesting | 2 | |
| Armor | 1 | |
| Plating | 2 | |
| Storm Hammers | 1 | |
14 total
» buildings
| Barracks | 2 | |
| Farm | 15 | |
| Altar of Kings | 1 | |
| Scout Tower | 15 | |
| Lumber Mill | 1 | |
| Guard Tower | 28 | |
| Arcane Tower | 3 | |
| Town Hall | 2 | |
| Keep | 3 | |
| Arcane Vault | 1 | |
| Blacksmith | 1 | |
| Castle | 2 | |
| Gryphon Aviary | 2 | |
76 total
» build order
00:12 Barracks
00:22 Farm
00:40 Altar of Kings
01:00 Farm
01:43 Farm
02:22 Scout Tower
02:25 Scout Tower
02:29 Lumber Mill
02:50 Farm
03:02 Guard Tower
03:02 Guard Tower
03:03 Arcane Tower
04:29 Town Hall
04:35 Scout Tower
04:37 Scout Tower
04:56 Scout Tower
04:59 Guard Tower
04:59 Guard Tower
05:02 Guard Tower
05:54 Guard Tower
06:46 Keep
06:47 Keep
07:41 Scout Tower
07:45 Barracks
07:48 Arcane Vault
07:56 Scout Tower
07:56 Scout Tower
07:58 Farm
08:09 Blacksmith
08:12 Guard Tower
08:12 Guard Tower
08:12 Guard Tower
08:24 Guard Tower
08:24 Guard Tower
08:24 Guard Tower
08:31 Farm
08:34 Farm
08:46 Farm
08:55 Scout Tower
08:57 Scout Tower
09:39 Scout Tower
09:39 Scout Tower
09:40 Scout Tower
10:08 Guard Tower
10:09 Guard Tower
10:09 Guard Tower
10:14 Guard Tower
10:15 Guard Tower
11:14 Castle
12:28 Gryphon Aviary
12:30 Gryphon Aviary
14:39 Scout Tower
14:42 Scout Tower
14:49 Farm
14:50 Farm
14:53 Farm
14:55 Farm
15:12 Farm
19:48 Farm
19:48 Farm
24:28 Town Hall
» items
| Scroll of Town Portal | 2 | |
| Staff of Sanctuary | 1 | |
| Orb of Fire | 2 | |
| Potion of Healing | 3 | |
| Scroll of Regeneration | 3 | |
11 total
fabiorb (
red | 56 APM | 1611 actions | 28:36)
5 Demon Hunter
3 Mana Burn
2 Evasion
» actions
| Assign group hotkey | 43 | |
| Build / train | 75 | |
| Enter build submenu | 23 | |
| Enter hero's abilities submenu | 5 | |
| Remove unit from queue | 4 | |
| Right click | 490 | |
| Select / deselect | 320 | |
| Select group hotkey | 604 | |
| Use ability | 47 | |
1611 total
» units
| Wisp | 14 | |
| Archer | 4 | |
| Huntress | 3 | |
| Dryad | 13 | |
| Druid of the Talon | 15 | |
| Hippogryph | 2 | |
| Frost Wyrm | 2 | |
53 total
» upgrades
| Strength of the Wild | 2 | |
| Reinforced Hides | 1 | |
| Abolish Magic | 1 | |
| Druid of the Talon Training | 2 | |
| Well Spring | 1 | |
| Mark of the Talon | 1 | |
8 total
» buildings
| Altar of Elders | 1 | |
| Ancient of War | 1 | |
| Moon Well | 8 | |
| Ancient of Wonders | 1 | |
| Hunter's Hall | 1 | |
| Tree of Ages | 1 | |
| Ancient of Lore | 2 | |
| Ancient Protector | 1 | |
| Ancient of Wind | 1 | |
| Tree of Eternity | 1 | |
18 total
» build order
00:08 Altar of Elders
00:14 Ancient of War
00:44 Moon Well
02:40 Moon Well
03:45 Ancient of Wonders
04:16 Hunter's Hall
05:07 Moon Well
05:43 Tree of Ages
05:46 Moon Well
08:12 Ancient of Lore
08:39 Ancient of Lore
08:48 Ancient Protector
09:17 Moon Well
10:23 Ancient of Wind
11:42 Moon Well
11:43 Tree of Eternity
12:00 Moon Well
13:47 Moon Well
» items
| Scroll of Town Portal | 1 | |
| Potion of Healing | 1 | |
2 total
team 2 (winner)
MarkisHEre (
orange | 132 APM | 3780 actions | 28:36)
6 Pandaren Brewmaster
3 Breath of Fire
1 Drunken Brawler
1 Storm Earth and Fire
1 Drunken Haze
5 Paladin
2 Holy Light
3 Devotion Aura
2 Archmage
2 Brilliance Aura
» actions
| Assign group hotkey | 50 | |
| Basic commands | 283 | |
| Build / train | 119 | |
| Enter build submenu | 39 | |
| Enter hero's abilities submenu | 13 | |
| Remove unit from queue | 2 | |
| Right click | 1434 | |
| Select / deselect | 413 | |
| Select group hotkey | 1300 | |
| Use ability | 127 | |
3780 total
» units
| Peasant | 15 | |
| Rifleman | 10 | |
| Mortar Team | 11 | |
| Knight | 7 | |
| Siege Engine | 4 | |
| Spell Breaker | 5 | |
| Priest | 4 | |
| Gryphon Rider | 6 | |
62 total
» upgrades
| Gunpowder | 3 | |
| Masonry | 3 | |
| Long Rifles | 1 | |
| Armor | 1 | |
| Flare | 1 | |
| Plating | 1 | |
| Barrage | 1 | |
| Fragmentation Shards | 1 | |
| Animal War Training | 1 | |
| Priest Training | 2 | |
| Storm Hammers | 1 | |
| Swords | 2 | |
18 total
» buildings
| Farm | 13 | |
| Blacksmith | 2 | |
| Barracks | 1 | |
| Altar of Kings | 1 | |
| Scout Tower | 22 | |
| Arcane Tower | 1 | |
| Lumber Mill | 3 | |
| Guard Tower | 2 | |
| Arcane Vault | 1 | |
| Keep | 1 | |
| Town Hall | 3 | |
| Workshop | 2 | |
| Castle | 1 | |
| Arcane Sanctum | 1 | |
| Gryphon Aviary | 1 | |
55 total
» build order
00:24 Farm
00:52 Farm
01:15 Blacksmith
01:21 Barracks
01:40 Altar of Kings
01:56 Farm
02:02 Farm
02:11 Scout Tower
02:39 Farm
03:07 Arcane Tower
03:21 Scout Tower
03:24 Lumber Mill
03:58 Guard Tower
04:24 Arcane Vault
05:13 Farm
05:15 Farm
05:15 Farm
05:26 Farm
05:27 Keep
06:15 Town Hall
06:23 Lumber Mill
07:23 Lumber Mill
07:32 Blacksmith
07:35 Scout Tower
08:01 Workshop
08:07 Guard Tower
08:32 Workshop
08:49 Scout Tower
10:18 Castle
11:22 Arcane Sanctum
12:21 Gryphon Aviary
15:56 Farm
15:57 Farm
15:58 Farm
15:58 Farm
20:24 Town Hall
20:59 Scout Tower
21:00 Scout Tower
21:02 Scout Tower
21:04 Scout Tower
21:06 Scout Tower
21:07 Scout Tower
21:08 Scout Tower
28:07 Scout Tower
28:09 Scout Tower
28:10 Scout Tower
28:11 Scout Tower
28:13 Scout Tower
28:14 Scout Tower
28:16 Scout Tower
28:17 Scout Tower
28:18 Scout Tower
28:19 Scout Tower
28:21 Scout Tower
28:24 Town Hall
» items
| Scroll of Regeneration | 2 | |
| Lesser Clarity Potion | 2 | |
| Scroll of Town Portal | 2 | |
| Staff of Sanctuary | 2 | |
| Orb of Fire | 1 | |
| Potion of Mana | 1 | |
10 total
ZeffuR (
pink | 33 APM | 935 actions | 28:36)
9 Death Knight
3 Death Coil
3 Unholy Aura
2 Animate Dead
1 Death Pact
» actions
| Build / train | 47 | |
| Enter build submenu | 16 | |
| Enter hero's abilities submenu | 8 | |
| Give item / drop item | 2 | |
| Right click | 659 | |
| Select / deselect | 162 | |
| Use ability | 41 | |
935 total
» units
| Acolyte | 2 | |
| Ghoul | 4 | |
| Crypt Fiend | 7 | |
13 total
» upgrades
| Creature Attack | 2 | |
| Web | 1 | |
| Burrow | 1 | |
| Creature Carapace | 1 | |
5 total
» buildings
| Altar of Darkness | 2 | |
| Ziggurat | 7 | |
| Graveyard | 1 | |
| Crypt | 3 | |
| Halls of the Dead | 1 | |
| Tomb of Relics | 1 | |
| Spirit Tower | 2 | |
| Black Citadel | 1 | |
18 total
» build order
00:21 Altar of Darkness
00:23 Ziggurat
00:26 Graveyard
00:40 Crypt
00:42 Crypt
01:34 Altar of Darkness
01:36 Ziggurat
01:38 Ziggurat
02:21 Crypt
03:04 Ziggurat
04:09 Halls of the Dead
04:23 Tomb of Relics
06:44 Spirit Tower
11:40 Black Citadel
13:26 Ziggurat
13:28 Ziggurat
13:32 Ziggurat
13:37 Spirit Tower
» items
| Rod of Necromancy | 1 | |
| Potion of Healing | 5 | |
| Scroll of Healing | 1 | |
| Scroll of Protection | 1 | |
| Potion of Lesser Invulnerability | 1 | |
| Potion of Mana | 1 | |
| Scroll of Town Portal | 2 | |
| Scroll of Regeneration | 2 | |
| Orb of Fire | 1 | |
15 total
Imbecile (
yellow | 58 APM | 1663 actions | 28:37)
» actions
| Assign group hotkey | 14 | |
| Basic commands | 1 | |
| Build / train | 113 | |
| Enter build submenu | 72 | |
| Remove unit from queue | 2 | |
| Right click | 565 | |
| Select / deselect | 349 | |
| Select group hotkey | 449 | |
| Use ability | 98 | |
1663 total
» units
| Peasant | 20 | |
| Flying Machine | 32 | |
| Mortar Team | 1 | |
53 total
» upgrades
| Masonry | 3 | |
| Gunpowder | 3 | |
| Plating | 4 | |
| Lumber Harvesting | 1 | |
| Magic Sentry | 1 | |
| Flak Cannons | 1 | |
| Flying Machine Bombs | 1 | |
| Fragmentation Shards | 1 | |
| Armor | 3 | |
| Flare | 1 | |
19 total
» buildings
| Farm | 7 | |
| Lumber Mill | 2 | |
| Scout Tower | 71 | |
| Arcane Tower | 5 | |
| Guard Tower | 32 | |
| Keep | 1 | |
| Blacksmith | 2 | |
| Workshop | 3 | |
| Altar of Kings | 1 | |
| Arcane Sanctum | 1 | |
| Castle | 1 | |
| Town Hall | 2 | |
| Barracks | 1 | |
129 total
» build order
00:34 Farm
00:39 Lumber Mill
00:45 Scout Tower
00:48 Farm
00:49 Farm
00:51 Farm
00:53 Farm
00:54 Farm
00:55 Farm
01:06 Scout Tower
01:09 Scout Tower
01:10 Scout Tower
01:10 Scout Tower
01:11 Scout Tower
01:12 Scout Tower
01:13 Scout Tower
02:01 Arcane Tower
02:17 Guard Tower
02:31 Guard Tower
02:55 Arcane Tower
03:09 Guard Tower
03:24 Guard Tower
04:19 Keep
04:29 Scout Tower
04:30 Scout Tower
04:31 Scout Tower
04:32 Scout Tower
04:41 Scout Tower
04:46 Scout Tower
04:46 Scout Tower
04:47 Scout Tower
05:21 Blacksmith
05:24 Blacksmith
05:29 Scout Tower
05:30 Scout Tower
05:47 Guard Tower
06:03 Arcane Tower
06:17 Guard Tower
06:42 Workshop
06:43 Workshop
06:44 Workshop
08:03 Altar of Kings
08:36 Arcane Sanctum
09:08 Castle
10:27 Scout Tower
10:30 Scout Tower
10:35 Scout Tower
11:29 Arcane Tower
17:23 Scout Tower
17:24 Scout Tower
17:25 Scout Tower
17:26 Scout Tower
17:27 Scout Tower
17:29 Scout Tower
17:30 Scout Tower
17:32 Scout Tower
17:34 Town Hall
17:53 Guard Tower
18:00 Guard Tower
18:18 Guard Tower
18:20 Scout Tower
18:21 Scout Tower
18:21 Scout Tower
18:21 Scout Tower
18:22 Scout Tower
18:22 Scout Tower
19:09 Guard Tower
19:12 Scout Tower
19:12 Scout Tower
19:12 Scout Tower
19:12 Scout Tower
19:13 Scout Tower
19:14 Scout Tower
19:14 Scout Tower
19:15 Scout Tower
19:15 Scout Tower
19:16 Scout Tower
19:32 Arcane Tower
19:35 Scout Tower
19:36 Scout Tower
19:36 Scout Tower
19:37 Scout Tower
19:45 Guard Tower
20:10 Guard Tower
20:25 Scout Tower
20:25 Scout Tower
20:26 Scout Tower
20:47 Guard Tower
20:50 Guard Tower
21:11 Guard Tower
21:13 Guard Tower
21:56 Guard Tower
22:02 Scout Tower
22:03 Scout Tower
22:03 Scout Tower
22:03 Scout Tower
22:04 Scout Tower
22:04 Scout Tower
22:05 Scout Tower
22:06 Scout Tower
22:12 Guard Tower
22:31 Guard Tower
22:31 Guard Tower
22:31 Guard Tower
22:32 Guard Tower
22:32 Guard Tower
22:34 Guard Tower
22:34 Guard Tower
22:35 Guard Tower
23:54 Scout Tower
23:54 Scout Tower
23:55 Barracks
23:57 Scout Tower
23:57 Scout Tower
23:58 Scout Tower
23:58 Scout Tower
23:58 Scout Tower
23:58 Scout Tower
23:59 Scout Tower
24:22 Scout Tower
24:22 Scout Tower
24:26 Town Hall
24:28 Guard Tower
24:31 Guard Tower
24:40 Guard Tower
25:03 Guard Tower
25:27 Lumber Mill
G13M (
purple | 43 APM | 1243 actions | 28:36)
6 Lich
3 Frost Nova
1 Dark Ritual
1 Frost Armor
1 Death and Decay
5 Dark Ranger
2 Black Arrow
3 Silence
» actions
| Build / train | 84 | |
| Enter build submenu | 26 | |
| Enter hero's abilities submenu | 11 | |
| Remove unit from queue | 3 | |
| Right click | 692 | |
| Select / deselect | 358 | |
| Use ability | 69 | |
1243 total
» units
| Acolyte | 12 | |
| Ghoul | 14 | |
| Gargoyle | 12 | |
| Obsidian Statue | 2 | |
| Frost Wyrm | 6 | |
46 total
» upgrades
| Cannibalize | 1 | |
| Creature Attack | 3 | |
| Creature Carapace | 3 | |
| Freezing Breath | 1 | |
8 total
» buildings
| Ziggurat | 15 | |
| Graveyard | 2 | |
| Altar of Darkness | 1 | |
| Crypt | 2 | |
| Nerubian Tower | 2 | |
| Tomb of Relics | 1 | |
| Halls of the Dead | 1 | |
| Spirit Tower | 4 | |
| Black Citadel | 1 | |
| Sacrificial Pit | 1 | |
| Slaughterhouse | 1 | |
| Boneyard | 3 | |
34 total
» build order
00:10 Ziggurat
00:16 Graveyard
00:23 Altar of Darkness
00:26 Crypt
01:37 Nerubian Tower
01:51 Ziggurat
02:44 Tomb of Relics
02:52 Ziggurat
02:57 Graveyard
06:49 Halls of the Dead
06:58 Ziggurat
07:01 Ziggurat
07:03 Ziggurat
07:07 Ziggurat
07:54 Spirit Tower
07:56 Nerubian Tower
07:59 Spirit Tower
08:35 Ziggurat
08:35 Ziggurat
11:19 Black Citadel
11:27 Sacrificial Pit
11:33 Crypt
11:46 Spirit Tower
11:56 Slaughterhouse
14:11 Ziggurat
14:13 Ziggurat
14:14 Ziggurat
14:15 Ziggurat
16:34 Ziggurat
16:37 Ziggurat
19:51 Boneyard
19:58 Boneyard
20:01 Boneyard
21:09 Spirit Tower
» items
| Rod of Necromancy | 2 | |
| Scroll of Town Portal | 2 | |
| Orb of Corruption | 1 | |
| Potion of Healing | 1 | |
6 total
Chat log
(00:04 / Allies) MarkisHEre: tanks later
(00:11 / Allies) MarkisHEre: rifels to start
(00:13 / Allies) ZeffuR: fiends
(00:30 / Allies) G13M: frosts
(04:28 / Allies) G13M: lumber
(04:29 / Allies) G13M: ?
(04:36 / Allies) G13M: ty
(04:40 / Allies) G13M: yellow tower my mine plz
(04:41 / Allies) G13M: ?
(04:43 / Allies) G13M: just 2
(04:44 / Allies) G13M: mana
(05:38 / Allies) G13M: ty
(08:27 / Allies) G13M: lets hit it pink
(08:36 / Allies) ZeffuR: swhere
(09:04 / Allies) G13M: force tp
(09:21 / Allies) G13M: too late
(09:34 / Allies) MarkisHEre: fight
(10:24 / Allies) MarkisHEre: heal mid
(12:15 / Allies) MarkisHEre: ty
(12:39 / Allies) MarkisHEre: go?
(12:42 / Allies) G13M: yes
(13:53 / Allies) G13M: hit pink
(15:20 / Allies) MarkisHEre: converg
(16:25 / Allies) MarkisHEre: pink
(16:26 / Allies) MarkisHEre: heal miod
(17:33 / Allies) MarkisHEre: walk
(19:26 / Allies) G13M: wtf is pink doing really
(19:46 / Allies) ZeffuR: my game keeps minimizing for some reason
(19:55 / Allies) G13M: fuck his town
(20:22 / Allies) Imbecile: LUMBER
(21:52 / Allies) MarkisHEre: tp?
(21:57 / Allies) G13M: no yet
(21:59 / Allies) ZeffuR: no need lol
(22:53 / Allies) G13M: care
(23:01 / Allies) MarkisHEre: im b
(24:18 / All) Imbecile: ROGER WILCO
(24:36 / All) ZeffuR: LOL
(24:48 / All) fabiorb: green was just fucking suicidal
(24:49 / All) fabiorb: wtf
(25:00 / All) ZeffuR: i was afk half the game
(25:28 / All) fabiorb: wow
(25:30 / All) fabiorb: just wow
(25:34 / All) G13M: lawl
(25:37 / All) Imbecile: HERO IS A WEAKNESS
(25:41 / All) Imbecile: CULL IT FROM YOUR ARMIES
(25:41 / All) fabiorb: green was an absurd moron
(25:55 / All) Imbecile: MUCH LIKE THE QUEEN IN CHESS
(25:59 / All) ZeffuR: i cucked greens mk
(26:05 / All) fabiorb: no, green was absolutely stupid
(26:09 / All) fabiorb: he went full retard
(26:14 / All) fabiorb: he was getting all his units destroyed
(26:16 / All) fabiorb: and kept attacking
(26:42 / All) fabiorb: and they had over 2k and didnt spend it
(26:51 / All) G13M: just leave plz
(27:41 / All) G13M: stop making this harder for you
(28:23 / All) fabiorb: gg
(28:27 / All) G13M: yup